Gergy, neutral female human Wizard -------- --.|.--.-- ---- |.%......--- ------------..-- --.........|--.|.|.--r......------------- --- |...---...||....^..@..................... |.| ----- --..--.....[.---.........-........- --.------ --..........| ---....|........(..-- |...||..------ --.........| ..--- .............---- ---- |...--....--.----..... ... . .................| ----..|--..| --............--..--. -.#-..........-##---.|...--.<.| |(.............--- --#..-#.#.%....|.#......*..--- --.........*..... . ......................).).... ---.....--............- ..------------...-.---.....----..-- |...-----...........-- -..............|---..[.-- --...-- ---- ----- ---............--- .........-----.--...--[ --.-- --................---.........-- -....--- -- --.....................................- |...............-------...----...----... --...........---- |...| ----- --- ---..|.---- --..| ------ ---- Gergy the Thaumaturge Experience level: 7 Strength: 14 Dexterity: 13 Constitution: 14 Intelligence: 18 Wisdom: 13 Charisma: 10 Health: 0(50) Energy: 61(78) Def: 1 Gold: 855 Moves: 4859 Dungeon seed: GaZAev4k4TOfSm2T Game ID: Gergy_1514359785 Your Inventory: Coins $ - 855 gold pieces Weapons a - a blessed +1 quarterstaff F - a +0 crossbow G - 8 +0 darts L - 4 cursed +0 arrows (in quiver) O - a blessed +2 bow (weapon in hand) P - 12 poisoned +0 orcish arrows V - 3 cursed +0 crossbow bolts Y - 3 +0 arrows Armor e - an uncursed +0 cloak of magic resistance (being worn) q - an uncursed +0 cloak of displacement Comestibles o - an uncursed food ration E - an uncursed tin of spinach Scrolls j - 3 uncursed scrolls of light p - a blessed scroll of light u - a blessed scroll of identify x - 2 uncursed scrolls of blank paper z - 2 blessed scrolls of blank paper W - an uncursed scroll of teleportation Spellbooks k - a blessed spellbook of force bolt l - an uncursed spellbook of drain life Potions f - a blessed potion of fruit juice h - an uncursed potion of restore ability T - a cursed potion of polymorph Rings c - an uncursed ring of conflict d - an uncursed ring of protection from shape changers (on left hand) Wands b - a wand of sleep (0:2) I - a wand of striking (0:4) K - a cursed wand of striking (0:0) Tools m - a magic marker (0:91) n - an uncursed blindfold s - an uncursed tin whistle B - an uncursed leash R - an uncursed brass lantern (lit) (0:905) S - an uncursed tin whistle X - a bag of tricks (0:19) Gems r - an uncursed worthless piece of orange glass y - an uncursed luckstone N - an uncursed touchstone Spells and supernatural/magical abilities: Name Level Category Fail Memory a - force bolt 1 attack 0% 1% D - drain life 2 attack 0% 2% W - pray for help -- divine ? -- Your skills at the end: Fighting Skills Weapon Skills quarterstaff [Basic] Spellcasting Skills attack spells [Basic] enchantment spells [Basic] Final Attributes: You were piously aligned. You were magic-protected. You were going to confuse monsters. You aggravated monsters. You were protected from shape changers. You were lucky. You had extra luck. Bad luck did not time out for you. Good luck did not time out for you. Thoth was angry with you. You are dead. Vanquished creatures: a giant beetle a leprechaun an ice vortex a gnome king 2 gnome mummies a human zombie a mountain nymph 4 Uruk-hai 2 rock moles a shrieker 4 gnome lords a gnomish wizard a kobold mummy a red naga hatchling a gray ooze 3 elf zombies a paper golem 7 giant ants 3 floating eyes 3 kittens 6 dwarves 3 rothes a centipede a monkey a wererat a werejackal 2 iguanas 2 gas spores a hobbit a large kobold a hobgoblin 2 red molds 21 gnomes a gnome zombie a gecko 5 jackals 2 foxes 2 kobolds 3 goblins 2 grid bugs 9 lichens 3 kobold zombies 5 newts 116 creatures vanquished. Voluntary challenges: You had been an atheist until turn 2061. You used a wielded weapon 74 times, starting on turn 55. You read items or engraved 3 times, starting on turn 1547. You never genocided any monsters. You never polymorphed an object. You never changed form. You used no wishes. You never split a pudding. You never wrote Elbereth's name. You violated your moral code, losing 27 points of alignment, starting on turn 3239. Dungeon overview: The Dungeons of Doom: levels 1 to 4 Level 1 an altar to Anhur a long staircase Level 2 a delicatessen, a fountain Level 3 a scroll shop, a fountain Level 4 an altar to Thoth stairs to The Gnomish Mines The Gnomish Mines: levels 5 to 7 Level 5 stairs to The Dungeons of Doom Level 6 Level 7 <- You were here History has recorded: On T:1 you entered the Dungeons of Doom to retrieve the Amulet of Yendor! On T:360 you reached level 2 of The Dungeons of Doom. On T:855 you advanced to experience level 2. On T:992 you reached level 3 of The Dungeons of Doom. On T:1190 you advanced to experience level 3. On T:1805 you reached level 4 of The Dungeons of Doom. On T:2064 you advanced to experience level 4. On T:2511 you advanced to experience level 5. On T:2593 you reached level 1 of The Gnomish Mines. On T:3160 you reached level 2 of The Gnomish Mines. On T:3239 you advanced to experience level 6. On T:4278 you advanced to experience level 7. On T:4484 you reached level 3 of The Gnomish Mines. Score breakdown: Gold: 855 ( 9975 points) Experience: 7 levels (13645 points) Exploration: 7 levels ( 13.46%) (10289 points) Discoveries: 6 items ( 2.08%) ( 4330 points) Valuables value: (no points given unless you survive) Artifact value: 0 ( 0 points) Variety of kills: 43 monsters ( 11.29%) (10078 points) Turncount: 4859 turns (-1312 points) Survival: died (score multiplied by 80%) Total score: 37604 Latest messages: Pick an object. Never mind. You displace your dog. L - 4 arrows (in quiver). You miss Gerg's ghost. Gerg's ghost touches you! You see here an arrow. An arrow shoots out at you! You are hit by an arrow! Y - an arrow. There are a few objects here. The rabid rat bites! The dog misses the rabid rat. The rabid rat bites! The dog bites the rabid rat. The rabid rat misses the dog. You hit the rabid rat. The rabid rat bites! As you read the scroll, it disappears. Your hands begin to glow red. The rabid rat bites! You die... Final status: Goodbye Gergy the Wizard, killed by a rabid rat... You died in The Gnomish Mines on dungeon level 7 with 37604 points, and 855 pieces of gold, after 4859 moves. You were level 7 with a maximum of 50 hit points when you died.